 Dungeon Crawl Stone Soup version 0.30.1-11-g7821555f0a (webtiles) character file.

Game seed: 1683353621574894797

209 Nonny the Firebug (level 5, -3/34 HPs)
             Began as a Tengu Cinder Acolyte on Oct 28, 2023.
             Was a High Priest of Ignis.
             Slain by an orc wizard
             ... wielding a +0 falchion
              (7 damage)
             ... on level 4 of the Dungeon.
             The game lasted 00:10:41 (3559 turns).

Nonny the Firebug (Tengu Cinder Acolyte)            Turns: 3559, Time: 00:10:41

Health: -3/34      AC:  2    Str: 14    XL:     5   Next: 87%
Magic:  5/7        EV: 10    Int: 16    God:    Ignis [*****.]
Gold:   152        SH:  0    Dex: 10    Spells: 1/6 levels left

rFire   + + +        g - +0 trident
rCold   . . .        t - +0 kite shield
rNeg    . . .        b - +0 robe
rPois   .            (helmet restricted)
rElec   .            (no cloak)
rCorr   .            (no gloves)
SInv    .            (boots unavailable)
Will    .....        (no amulet)
Stlth   +            h - ring of protection from fire
HPRegen 0.25/turn    r - ring of protection from fire
MPRegen 0.10/turn

%: no passive effects
@: confused, flying quickly and evasively, hasted, very quick
A: beak, talons 3, nimble flight
a: Renounce Religion, Fiery Armour, Foxfire Swarm, Rising Flame


You were on level 4 of the Dungeon.
You worshipped Ignis.
Ignis was extremely pleased with you.
You visited 1 branch of the dungeon, and saw 4 of its levels.

You collected 152 gold pieces.

Inventory:

Hand Weapons
 a - a -1 spear of flaming
 g - a +0 trident (weapon)
 k - the +10 dire flail of the Solstice {freeze, *Rage rPois rN++ SInv}
   (You found it on level 3 of the Dungeon)

   rPois:     It protects you from poison.
   rN:        It greatly protects you from negative energy.
   SInv:      It lets you see invisible.
   *Rage:     It berserks you when you make melee attacks (+20% chance).
 l - a +1 quarterstaff
Missiles
 c - 12 poisoned darts (quivered)
Armour
 b - a +0 robe (worn)
 t - a +0 kite shield (worn)
Jewellery
 e - a +4 ring of protection
 h - a ring of protection from fire (left hand)
 r - a ring of protection from fire (right hand)
Scrolls
 f - 3 scrolls of teleportation
 i - a scroll of enchant weapon
 j - a scroll of magic mapping
 o - 2 scrolls of identify {unknown}
 q - a scroll of fog {unknown}
 u - a scroll of poison
Potions
 d - a potion of might
 n - a potion of attraction {unknown}
 p - a potion of resistance {unknown}
 s - a potion of heal wounds
 v - a potion of flight {unknown}
 w - 2 potions of berserk rage {unknown}


   Skills:
 + Level 4.4 Fighting
 + Level 3.5(3.8) Polearms
 - Level 2.1(3.1) Staves
 + Level 0.1 Shields
 - Level 1.0 Spellcasting
 - Level 5.0 Fire Magic
 * Level 1.0 Ice Magic


You had one spell level left.
You knew the following spells:

 Your Spells              Type           Power      Damage    Failure   Level
a - Scorch                Fire           32%        2d6       17%         2
b - Ozocubu's Armour      Ice            4%         N/A       86%         3

Your spell library contained the following spells:

 Spells                   Type           Power      Damage    Failure   Level
 Necrotise                Necr           0%         1d4       65%         1
 Vampiric Draining        Necr           0%         2d6       95%         3
 Agony                    Necr           0%         N/A       100%        5
 Ozocubu's Refrigeration  Ice            2%         4d7       100%        7


Dungeon Overview and Level Annotations

Branches:
Dungeon (4/15)
 Temple: D:4-7

Altars:
Qazlal
Uskayaw

Annotations:
D:4 Menkaure


Innate Abilities, Weirdness & Mutations

You have a beak for a mouth.
You have claws for feet.
Your magical nature lets you fly swiftly and evasively.


Message History

You are more confused.
You barely miss something. Your peck misses something.
Something hits you but does no damage. The orc hits you with a +0 whip.
* * * LOW HITPOINT WARNING * * *
The orc barely misses you.
Unknown command.
You feel much better. Something hits you. The orc hits you with a +0 whip.
The orc closely misses you.
Your magical contamination has completely faded away.
Unknown command.
Unknown command.
Something hits you. The orc closely misses you.
The orc hits you with a +0 flail.
Unknown command.
Unknown command.
Unknown command.
There is an open door here.
Okay, then.
Okay, then.
Unknown command.
There is an open door here.
Unknown command.
You barely miss something. Your kick misses something.
The orc hits you with a +0 flail.
You hear some strange, mumbled words.
A magic dart appears from out of thin air!
The magic dart hits you.
You completely miss something. Your kick misses something.
Your peck misses something.
You feel less confused.
You hear some strange, mumbled words.
You are confused.
The orc hits you with a +0 flail.
* * * LOW HITPOINT WARNING * * *
You bump into the stone wall.
You hit something but do no damage. Your kick misses something.
The orc barely misses you. Something hits you.
* * * LOW HITPOINT WARNING * * *
You closely miss something. Your peck misses something. Something hits you!
You die...

.######..≈≈≈...≈§§.######
.##..##...§≈...≈§..#....#
......'≈....)...§......##
......#................#
.._...#...........#....#
###########.###.#####..#
#######.###.########
#........'..#o...#
#........#..@{o..#
#..###########).##
#####..###..##..##.)##..##
.#.......#...+...........#
.#.......'...#...........#
.####..###.###..##.<##..##
.####..###o###..##..# ..#
....#...#..)'...#....# ..#
.o..#...#...#...#....# .#


You could see 2 orcs.

Vanquished Creatures
  A hound (D:4)
  2 orc wizards (D:3)
  3 adders
  An ufetubus (D:3)
  2 worms
  6 dart slugs
  9 orcs
  An endoplasm (D:3)
  11 hobgoblins
  2 quokkas (D:3)
  4 ball pythons
  6 bats
  4 frilled lizards
  12 goblins
  5 kobolds
  4 rats
73 creatures vanquished.

Notes
Turn   | Place    | Note
-------+----------+-------------------------------------------
     0 | D:1      | Nonny the Tengu Cinder Acolyte began the quest for the Orb.
     0 | D:1      | Reached XP level 1. HP: 14/14 MP: 3/3
    65 | D:1      | Starting vault: metal wall quadrants
   242 | D:1      | Reached XP level 2. HP: 10/19 MP: 4/4
   246 | D:1      | Learned a level 2 spell: Scorch
   729 | D:1      | Found a faded altar of an unknown god.
   924 | D:2      | Reached XP level 3. HP: 23/23 MP: 0/5
  1122 | D:2      | Reached skill level 4 in Fire Magic
  1736 | D:2      | Reached skill level 1 in Staves
  2107 | D:3      | Reached XP level 4. HP: 29/29 MP: 1/6
  2394 | D:3      | Gained mutation: Your magical nature lets you fly swiftly
                  | and evasively. [Tengu growth]
  2394 | D:3      | Reached XP level 5. HP: 24/33 MP: 4/7
  2729 | D:3      | Reached skill level 5 in Fire Magic
  2758 | D:3      | Learned a level 3 spell: Ozocubu's Armour
  2761 | D:3      | Identified the +10 dire flail of the Solstice {freeze,
                  | *Rage rPois rN++ SInv}
  3146 | D:4      | Found a stormy altar of Qazlal.
  3231 | D:4      | Found a hide-covered altar of Uskayaw.
  3471 | D:4      | Noticed Menkaure
  3472 | D:4      | Noticed a lemure
  3478 | D:3      | Reached skill level 1 in Ice Magic
  3559 | D:4      | Slain by an orc wizard

Illustrated notes

######## ########
#+......####......+#
#........##........#
#...##...##..@##...#
#..####..##..####..#
#..####..##..####..#
#...##...##...##...#
#..................#
##.......<........##
######..##..######
######..##..######
##................##


Turn 65 on D:1: Starting vault: metal wall quadrants

Levels and vault maps discovered:
D:1:      minmay_arrival_four_loops, layout_basic, serial_forest,
          infiniplex_forest_clump_tiny, infiniplex_forest_zigzag_1,
          infiniplex_forest_clump_diagonal, infiniplex_forest_clump_large,
          infiniplex_forest_3_way, shapermc_ecumenical_altar_mp_urbaneastern,
          minmay_misc_feat_five, amcnicky_mini_pool_small,
          kennysheep_small_spiral, st_stairs_5, minmay_fountain_box,
          serial_bayou_pond_e, chequers_decorated_corner
D:2:      layout_basic
D:3:      layout_basic, minmay_increasing_density
D:4:      layout_gridville, nicolae_qazlal_general_emergency,
          overflow_temple_1_default, minmay_temple_entry_drinking_statues,
          nrook_uturn, uniq_eustachio, uniq_blork_the_orc, uniq_menkaure,
          uniq_pikel

Skill      XL: |  1  2  3  4  5 |
---------------+----------------+-----
Fire Magic     | 4 5 |  5.0
Staves         | 1 2 |  2.1
Fighting       | 4 |  4.4
Ice Magic      | 1 |  1.0
Polearms       | |  3.5
Shields        | |  0.1
Spellcasting   | |  1.0

Action                     |  1- 3 |  4- 6 || total
---------------------------+-------+-------++-------
  Melee: Spear             |    34 |       ||    34
         Kick              |    13 |    15 ||    28
         Peck              |     5 |     8 ||    13
         Quarterstaff      |    33 |    43 ||    76
         Trident           |       |    41 ||    41
   Cast: Scorch            |    19 |    12 ||    31
    Use: Scroll            |       |     7 ||     7
         Potion            |       |     5 ||     5
 Armour: Robe              |    12 |    10 ||    22
  Dodge: Dodged            |    34 |    48 ||    82
  Block: Kite shield       |       |    17 ||    17
